 Dungeon Crawl Stone Soup version 0.31.0-12-g77e489cdc1 (webtiles) character file.

Game seed: 14286540550162183682

10825 freezingmoon the Basher (level 11, 0/105 HPs)
             Began as a Minotaur Berserker on Feb 22, 2024.
             Was an Elder of Trog.
             Killed by an exploding cyclops (34 damage)
             ... ignited by their inner flame
             ... on level 10 of the Dungeon on Feb 23, 2024.
             The game lasted 03:33:17 (14158 turns).

freezingmoon the Basher (Minotaur Berserker)       Turns: 14158, Time: 03:33:18

Health: 0/105      AC: 23    Str: 26    XL:     11   Next: 41%
Magic:  10/10      EV:  6    Int:  4    God:    Trog [****..]
Gold:   1718       SH: 16    Dex: 10    Spells: 10/10 levels left

rFire   . . .        u - +0 flail (protect)
rCold   . . .        w - +0 tower shield
rNeg    + . .        v - +1 plate armour
rPois   .            (helmet restricted)
rElec   .            o - +0 cloak
rCorr   .            r - +0 pair of gloves
SInv    .            b - +1 pair of boots
Will    +....        e - amulet of the acrobat Stlth
                     m - ring of willpower
HPRegen 0.37/turn    p - ring of positive energy
MPRegen 0.12/turn

%: acrobat
@: under a protective aura, on berserk cooldown, slowed, very slow
A: horns 2, retaliatory headbutt
a: Renounce Religion, Berserk, Trog's Hand, Brothers in Arms


You were on level 10 of the Dungeon.
You worshipped Trog.
Trog was greatly pleased with you.
You visited 2 branches of the dungeon, and saw 11 of its levels.

You collected 1718 gold pieces.

Inventory:

Hand Weapons
 k - a +0 morningstar
 u - a +0 flail of protection (weapon)
Missiles
 s - 49 stones (quivered)
 t - 2 throwing nets
Armour
 b - a +1 pair of boots (worn)
 o - a +0 cloak (worn)
 r - a +0 pair of gloves (worn)
 v - a +1 plate armour (worn)
 w - a +0 tower shield (worn)
 x - the +3 hat of Pondering {ponderous, Will+ MP+10 Int+5}
   (You took it off Gastronok on level 9 of the Dungeon)

   Int+5:     It affects your intelligence (+5).
   Will+:     It increases your willpower.
   MP+10:     It affects your magic capacity (+10).
 y - +0 acid dragon scales
Jewellery
 e - an amulet of the acrobat (around neck)
 m - a ring of willpower (left hand)
 p - a ring of positive energy (right hand)
 q - an amulet of faith
Wands
 h - a wand of charming (7)
 l - a wand of flame (13)
 n - a wand of roots (10)
 D - a wand of polymorph (5)
Scrolls
 c - 7 scrolls of identify
 f - 3 scrolls of fog
 g - a scroll of torment
 j - 6 scrolls of teleportation
 C - a scroll of poison
 F - 3 scrolls of fear
Potions
 a - a potion of haste
 d - 3 potions of attraction
 i - 2 potions of resistance
 A - a potion of degeneration
 E - a potion of lignification


   Skills:
 + Level 12.4 Fighting
 - Level 14.0 Maces & Flails
 - Level 2.4 Armour
 - Level 2.1 Dodging
 + Level 11.8 Shields


You had 10 spell levels left.
You didn't know any spells.
Your spell library was empty.

Dungeon Overview and Level Annotations

Branches:
Dungeon (10/15)            Temple (1/1) D:5            Lair (0/5) D:10
    Orc: D:9-12

Altars:
Ashenzari
Cheibriados
Dithmenos
Elyvilon
Fedhas
Gozag
Hepliaklqana
Kikubaaqudgha
Makhleb
Nemelex Xobeh
Okawaru
Qazlal
Ru
Sif Muna
Trog
Uskayaw
Vehumet
Wu Jian
Xom
Yredelemnul
Zin
The Shining One

Shops:
D:2 :*:   D:10 ?


Innate Abilities, Weirdness & Mutations

You have a pair of horns on your head.
You reflexively headbutt those who attack you in melee.


Message History

An orc knight is nearby!
You feel much better. You block the orc knight's attack. x2
You feel better.
The orc knight hits you but does no damage.
You fail to use your ability.
The orc knight barely misses you. You block the cyclops's attack.
You block the orc knight's attack.
As you read the scroll of immolation, it crumbles to dust.
The creatures around you are filled with an inner flame!
The orc knight hits you from afar with a +0 halberd!!
The cyclops barely misses you.
The cyclops throws a large rock.
You block the large rock.
The cyclops throws a large rock.
The large rock misses you.
The orc knight hits you but does no damage.
You block the cyclops's attack.
The orc knight hits you from afar with a +0 halberd!
You hit the cyclops but do no damage.
Your weapon exudes an aura of protection.
The cyclops closely misses you.
The orc knight hits you from afar with a +0 halberd!
You sock the cyclops!
Flame seeps out of the cyclops.
The cyclops is lightly wounded.
The cyclops is engulfed in blazing flames.
Flame seeps out of the cyclops.
The cyclops hits you but does no damage.
The orc knight hits you but does no damage.
You hit the cyclops but do no damage.
You headbutt the cyclops, but do no damage.
The cyclops is heavily wounded.
The cyclops is engulfed in blazing flames.
Flame seeps out of the cyclops.
You block the cyclops's attack. You block the orc knight's attack.
You hit the cyclops.
Flame seeps out of the cyclops. x2
You headbutt the cyclops!
The cyclops is almost dead.
You block the orc knight's attack.
The cyclops is engulfed in blazing flames.
Trog accepts your kill.
The cyclops explodes!
The fiery explosion engulfs you!!
You die...

.............######.#
###>########.# ##.## # #.#
#.#####..>####
###.########.......#....#
....:..........###...##.########
######.#######)# ##.)..........##
# #.## #)# #####.#.###...# #
####..######<##### #.#.##....P #
#............§@§.# #.#.#...... #
#..#########.#°#.## #>#†#......
###.#....##...##o#..###.#..^....P
##..#.##.#.##.##.##.....#........
##..###.##.#.####.#..#(.#......P.
.....#..#.##.##...##.##.#........
.###.##.#.#.##...###...#.#..P..>.
.# #..#..##.##.##..##.#.#.#..P...
## ##.##.#.####....##..####......


You could see an orc knight (inner flame).

Vanquished Creatures
  Gastronok (D:9)
  2 centaur warriors (D:10)
  2 two-headed ogres
  An ugly thing (D:10)
  A cyclops (D:10)
  An unseen horror (D:10)
  A kobold demonologist (D:10)
  A komodo dragon (D:10)
  A hornet (D:9)
  A wraith (D:6)
  2 wyverns
  4 yaks (D:9)
  5 steam dragons
  Edmund (D:5)
  An acid dragon (D:10)
  A water moccasin (D:5)
  2 orc warriors
  4 ice beasts
  3 black bears
  2 ogres
  3 centaurs
  The ghost of Longtemps the Changeling, an amateur OpSh (D:4)
  2 phantoms (D:5)
  4 kobold brigands
  6 bullfrogs
  A gnoll sergeant (D:5)
  4 scorpions
  5 wights (D:7)
  3 killer bees (D:9)
  2 jellies
  3 bombardier beetles
  5 hounds
  3 orc priests
  3 gnoll boudas
  2 sleepcaps
  3 iguanas
  9 orc wizards
  21 gnolls
  A river rat (D:4)
  14 adders
  2 shadow imps
  A white imp (D:7)
  3 dart slugs
  A ribbon worm (D:2)
  38 orcs
  10 ball pythons
  6 endoplasms
  2 giant cockroaches
  7 goblins
  7 hobgoblins
  2 quokkas (D:4)
  7 bats
  A frilled lizard (D:1)
  27 kobolds
  6 rats
252 creatures vanquished.

Vanquished Creatures (others)
  An orc wizard (D:8)
1 creature vanquished.

Grand Total: 253 creatures vanquished

Notes
Turn   | Place    | Note
-------+----------+-------------------------------------------
     0 | D:1      | freezingmoon the Minotaur Berserker began the quest for the
                  | Orb.
     0 | D:1      | Reached XP level 1. HP: 19/19 MP: 0/0
   105 | D:1      | Reached skill level 4 in Maces & Flails
   184 | D:1      | Reached XP level 2. HP: 26/26 MP: 1/1
   383 | D:1      | Reached skill level 5 in Maces & Flails
   712 | D:1      | Reached XP level 3. HP: 31/31 MP: 2/2
  1769 | D:2      | Found Qeodim's General Store.
  1856 | D:2      | Found Wupsus's Book Shop.
  2014 | D:2      | Reached skill level 6 in Maces & Flails
  2014 | D:2      | Reached XP level 4. HP: 30/39 MP: 3/3
  2149 | D:2      | Found Iziloq's Book Emporium.
  2149 | D:2      | Reached ** piety under Trog
  2187 | D:2      | Found a radiant altar of Vehumet.
  3170 | D:3      | Found a faded altar of an unknown god.
  3175 | D:3      | Found a hazy altar of Hepliaklqana.
  3744 | D:4      | Noticed a bullfrog
  3745 | D:4      | Found a runed translucent door.
  3757 | D:4      | Found a radiant altar of Vehumet.
  3797 | D:4      | Noticed a bullfrog
  3804 | D:4      | Killed a bullfrog
  3805 | D:4      | Reached skill level 7 in Maces & Flails
  3805 | D:4      | Reached XP level 5. HP: 45/45 MP: 4/4
  3971 | D:4      | Reached skill level 8 in Maces & Flails
  3988 | D:4      | Reached XP level 6. HP: 48/51 MP: 5/5
  4459 | D:4      | Found a runed translucent door.
  4460 | D:4      | Noticed Longtemps's ghost (amateur OpSh)
  4597 | D:4      | Reached skill level 9 in Maces & Flails
  4602 | D:4      | Killed Longtemps's ghost
  4966 | D:5      | Entered Level 5 of the Dungeon
  5059 | D:5      | Reached XP level 7. HP: 57/57 MP: 6/6
  5161 | D:5      | Reached skill level 10 in Maces & Flails
  5645 | D:5      | Found a bloodstained altar of Trog.
  5655 | D:5      | Found an iron altar of Okawaru.
  5694 | D:5      | Found a staircase to the Ecumenical Temple.
  5725 | D:5      | Reached skill level 11 in Maces & Flails
  5778 | D:5      | Reached *** piety under Trog
  5802 | D:5      | Found a stormy altar of Qazlal.
  6012 | D:5      | Noticed Edmund
  6030 | D:5      | Killed Edmund
  6031 | D:5      | Reached XP level 8. HP: 64/64 MP: 7/7
  6181 | D:5      | Reached skill level 12 in Maces & Flails
  6609 | D:5      | Found a hide-covered altar of Uskayaw.
  6620 | D:5      | Reached skill level 13 in Maces & Flails
  7096 | D:5      | Identified a scroll of acquirement
  7096 | D:5      | Acquired 1330 gold pieces
  7760 | D:6      | Reached skill level 14 in Maces & Flails
  7820 | D:6      | Reached skill level 1 in Shields
  7867 | D:6      | Reached XP level 9. HP: 71/71 MP: 8/8
  7978 | D:6      | Reached skill level 5 in Fighting
  8192 | Temple   | Entered the Ecumenical Temple
  9199 | D:7      | Reached skill level 5 in Shields
  9728 | D:7      | Found an opulent altar of Gozag.
  9985 | D:8      | Reached **** piety under Trog
 10134 | D:8      | Reached XP level 10. HP: 88/88 MP: 9/9
 10396 | D:8      | Found a snail-covered altar of Cheibriados.
 10550 | D:8      | Found a shadowy altar of Dithmenos.
 11333 | D:9      | Noticed a two-headed ogre
 11349 | D:9      | Killed a two-headed ogre
 11979 | D:9      | Noticed Gastronok
 12001 | D:9      | Killed Gastronok
 12002 | D:9      | Reached skill level 10 in Fighting
 12329 | D:9      | Reached skill level 10 in Shields
 12903 | D:10     | Entered Level 10 of the Dungeon
 13160 | D:10     | Reached XP level 11. HP: 102/102 MP: 10/10
 13470 | D:10     | Noticed a sixfirhy
 13598 | D:10     | Found a staircase to the Lair.
 13599 | D:10     | Noticed a two-headed ogre
 13617 | D:10     | Killed a two-headed ogre
 13827 | D:10     | Found Sorit's Magic Scroll Shoppe.
 14101 | D:10     | Noticed a centaur warrior
 14101 | D:10     | Noticed a centaur warrior
 14115 | D:10     | Identified the ring "Kugen" {Fly rN+ rCorr MP+9 Int+2}
 14115 | D:10     | Noticed an orc knight
 14116 | D:10     | Killed a centaur warrior
 14117 | D:10     | Noticed a cyan ugly thing
 14123 | D:10     | Killed a centaur warrior
 14132 | D:10     | Killed a cyan ugly thing
 14158 | D:10     | Killed by an exploding cyclops... ignited by their inner
                  | flame

Illustrated notes

Levels and vault maps discovered:
D:1:      mrwooster_arrival_statue_2, layout_rooms, serial_forest,
          infiniplex_forest_lined_3_way, infiniplex_forest_diagonal,
          infiniplex_forest_corner_1, infiniplex_forest_pool,
          infiniplex_forest_end_2, infiniplex_forest_clump_diagonal,
          infiniplex_forest_clump_double, infiniplex_forest_clump_tiny,
          infiniplex_forest_end_2
D:2:      layout_basic, serial_shops, nicolae_shop_tiny_glass, shop, shop,
          basic_altar
D:3:      layout_loops_corners, nicolae_overflow_ecumenical_swirl
D:4:      layout_basic, lemuel_crystal_altar, ebering_ghost_sewer_f,
          st_stairs_6, serial_bayou_pond_d
D:5:      kennysheep_six_static_rooms, layout_cave_pods,
          mainiacjoe_overflow_surrounded_room,
          mainiacjoe_overflow_cross_hatched, nicolae_overflow_squiral,
          minmay_temple_entry_from_below_a, chequers_mini_garden, uniq_edmund
D:6:      minmay_chambers_of_fours, layout_gridville, roderic_lattice_a
D:7:      layout_rooms, lemuel_crystal_altar, minmay_misc_feat_more_columns
D:8:      layout_loops_ring, mainiacjoe_overflow_alcove_1, old_standard_altar
D:9:      layout_stronghold, uniq_gastronok
D:10:     minmay_the_grid_triangle_9x9_rhombus_thin
          [minmay_the_grid_triangle_9x9_limited_checkers,
          minmay_the_grid_triangle_9x9_prize_special,
          minmay_the_grid_triangle_9x9_longest,
          minmay_the_grid_triangle_9x9_odd_lines], layout_loops_ring,
          david_lair_shrubbed, serial_shops, shop, serial_aquarium,
          aquarium_bridge_square [aquarium_subvault_bridge,
          aquarium_subvault_balcony, aquarium_subvault_window,
          aquarium_subvault_window], aquarium_window_2, aquarium_window_fake,
          aquarium_window_fake, aquarium_window_fake, aquarium_view_2d,
          aquarium_view_2c
Temple:   nicolae_temple_bog_church

Skill      XL: |  1  2  3  4  5  6  7  8  9 10 11 |
---------------+----------------------------------+-----
Maces & Flails | 4 5 6 7 8 9 11 14 | 14.0
Shields        | 1 7 10 11 | 11.8
Fighting       | 4 8 11 12 | 12.4
Armour         | |  2.4
Dodging        | |  2.1

Action                     |  1- 3 |  4- 6 |  7- 9 | 10-12 || total
---------------------------+-------+-------+-------+-------++-------
  Melee: Mace              |   157 |    28 |       |       ||   185
         Headbutt          |    37 |    12 |    47 |    52 ||   148
         Punch             |     2 |     1 |     1 |       ||     4
         Morningstar       |       |    92 |    38 |       ||   130
         Flail             |       |       |   274 |   262 ||   536
  Throw: Stone             |    13 |    10 |    18 |     6 ||    47
 Invoke: Berserk           |     3 |     5 |    13 |     8 ||    29
         Trog's Hand       |       |       |     3 |       ||     3
    Use: Scroll            |     7 |     2 |     6 |     6 ||    21
         Potion            |     1 |       |       |     2 ||     3
 Armour: Animal skin       |    25 |    11 |       |       ||    36
         Chain mail        |       |    52 |    26 |       ||    78
         Plate armour      |       |       |   152 |   140 ||   292
  Dodge: Dodged            |    46 |    66 |    80 |    48 ||   240
  Block: Tower shield      |       |       |   170 |   184 ||   354
